 Dungeon Crawl Stone Soup version 0.22-a0-601-gb0ed703 (webtiles) character file.

61 Goblin1989 the Scratcher (level 3, -4/17 HPs)
             Began as a Felid Chaos Knight on July 7, 2018.
             Slain by a gnoll
             ... wielding a +0 club
              (5 damage)
             ... on level 2 of the Dungeon.
             The game lasted 00:04:07 (2065 turns).

Goblin1989 the Scratcher (Felid Chaos Knight)       Turns: 2065, Time: 00:04:08

Health: -4/17      AC: -1    Str:  8    XL:     3   Next: 83%
Magic:  4/4        EV: 19    Int: 13    God:    Xom [..*...]
Gold:   32         SH:  0    Dex: 16    Spells: 2/2 levels left
                                        Lives:  0   Deaths: 0

rFire    . . .     SeeInvis +     - Unarmed
rCold    . . .     Gourm    .   (shield unavailable)
rNeg     . . .     Faith    .   (armour unavailable)
rPois    .         Spirit   .   (helmet unavailable)
rElec    .         Reflect  .   (cloak unavailable)
rCorr    .         Harm     .   (gloves unavailable)
MR       .....                  (boots unavailable)
Stlth    ++........             (no amulet)
HPRegen  0.05/turn              n - -2 ring of protection (curse)
MPRegen  0.09/turn              (no ring)

@: quick
A: very small, no armour, no weapons or thrown items, stealth, claws 1, fangs 3,
see invisible, carnivore, speed 1, shaggy fur 1, slow metabolism 1, sharp paws
a: Renounce Religion


You were on level 2 of the Dungeon.
You worshipped Xom.
You were a toy of Xom.
You were very full.

You visited 1 branch of the dungeon, and saw 2 of its levels.

You collected 32 gold pieces.

Inventory:

Jewellery
 g - an uncursed ring of fire
 n - a cursed -2 ring of protection (left paw)
Scrolls
 r - a scroll of magic mapping {unknown}
Potions
 i - 2 potions of invisibility {unknown}
 p - a potion of agility {@q5}
 q - a potion of berserk rage {unknown}
 s - a potion of curing {unknown}
Comestibles
 e - 4 rations
 t - 2 chunks of flesh


   Skills:
 + Level 3.4 Fighting
 + Level 3.8 Dodging
 + Level 2.0 Stealth
 * Level 3.8 Unarmed Combat


You had 2 spell levels left.
You didn't know any spells.
Your spell library was empty.

Dungeon Overview and Level Annotations

Branches:
Dungeon (2/15)

Altars:
Gozag
Kikubaaqudgha


Innate Abilities, Weirdness & Mutations

You cannot wear armour.
You are incapable of wielding weapons or throwing items.
Your paws allow you to move quietly. (Stealth)
You have sharp claws.
You have razor-sharp teeth.
You have supernaturally acute eyesight. (SInv)
You are carnivorous and can eat meat at any time.
You cover ground quickly.
You are covered in fur. (AC +1)
You have a slow metabolism.
Your sharp claws are effective at attacking unaware monsters.


Message History

There is an open door here.
You feel a little less agile now.
A kobold comes into view. It is wielding a short sword.
The helpless kobold fails to defend itself.
You claw the kobold!
You kill the kobold!
No target in view!
No target in view!
Things that are here:
a short sword; 5 stones {@Q3}; a kobold corpse
There is an empty arch of ancient stone here.
There is a fountain of clear blue water here.
Found an ancient bone altar of Kikubaaqudgha and an opulent altar of Gozag.
There is an empty arch of ancient stone here.
There is a fountain of clear blue water here.
There is an empty arch of ancient stone here.
There is an empty arch of ancient stone here.
There is a fountain of clear blue water here.
Key pressed, stopping explore.
There is an empty arch of ancient stone here.
There is an empty arch of ancient stone here.
The gnoll is too close now for your liking.
A hobgoblin comes into view. It is wielding a club.
The gnoll shouts!
The hobgoblin shouts!
The hobgoblin closely misses you.
The gnoll shouts!
You scratch the hobgoblin.
You bite the hobgoblin, but do no damage.
The hobgoblin is heavily wounded.
The gnoll hits you from afar with a spear.
You take 4 damage, and have 13/17 hp.
MASSIVE DAMAGE!!
You closely miss the hobgoblin.
The hobgoblin is heavily wounded.
The hobgoblin misses you. The gnoll misses you.
You scratch the hobgoblin.
You kill the hobgoblin!
The gnoll closely misses you. The gnoll hits you with a club.
* * * LOW HITPOINT WARNING * * *
You take 3 damage, and have 10/17 hp.
You are too injured to fight recklessly!
You are too injured to fight recklessly!
You are too injured to fight recklessly!
You are too injured to fight recklessly!
You are too injured to fight recklessly!
You are too injured to fight recklessly!
Unknown command.
The gnoll misses you.
There is an escape hatch in the ceiling here.
Xom's power touches on you for a moment.
You feel momentarily lethargic. A mysterious force pulls you upwards.
The hatch slams shut behind you.
You start resting.
HP restored.
Health restored: 17
There is a stone staircase leading down here.
You climb downwards.
There is a stone staircase leading up here.
r - a scroll labeled DUASOQUCLU;
s - an amethyst potion You butcher the hobgoblin corpse.
t - 3 chunks of flesh You see here a club. x2
Eating one of 3 chunks of flesh.
You eat one of the 3 chunks of flesh.
This raw flesh tastes great.
The gnoll is too close now for your liking.
The gnoll shouts!
The gnoll closely misses you.
You scratch the gnoll but do no damage. You scratch the gnoll.
The gnoll is lightly wounded.
The gnoll closely misses you. The gnoll completely misses you.
You scratch the gnoll.
The gnoll is moderately wounded.
The gnoll barely misses you. The gnoll completely misses you.
You scratch the gnoll. You claw the gnoll.
The gnoll is almost dead.
The gnoll hits you but does no damage. The gnoll hits you with a halberd.
The gnoll closely misses you.
You take 2 damage, and have 15/17 hp.
You scratch the gnoll but do no damage.
The gnoll is almost dead.
The gnoll hits you from afar with a spear!
* * * LOW HITPOINT WARNING * * *
You take 8 damage, and have 7/17 hp.
MASSIVE DAMAGE!!
You are too injured to fight recklessly!
You are too injured to fight recklessly!
You are too injured to fight recklessly!
You scratch the gnoll but do no damage. You bite the gnoll.
The gnoll is almost dead.
The gnoll completely misses you. The gnoll hits you with a club.
* * * LOW HITPOINT WARNING * * *
The gnoll completely misses you.
You take 6 damage, and have 1/17 hp.
MASSIVE DAMAGE!!
Unknown command.
You barely miss the gnoll.
You kill the gnoll!
Your Stealth skill increases to level 2!
The gnoll hits you with a club.
You die...
Xom chortles!

█.███████)███...█████ █.
█.███████.█.........█ █.
█......██...........█ █.
█......██......<....█ █.
█......██...........█ █.
█......██...........█ █)
████......██....g...[..█████████.
..........██..<.)g...............
....██.█████....@))...███████████
....██.█████..........█
.................█...██
....███.████.███.█████████████
....███..█...................█
.......█.█.█.███.███████████.█
███....█.█.█.███...).........██
..█....█.....................<█
..∆.........................).█


You could see 2 gnolls.

Vanquished Creatures
  2 gnolls (D:2)
  An adder (D:2)
  2 goblins (D:1)
  10 hobgoblins
  4 bats (D:1)
  5 frilled lizards
  5 kobolds
  4 rats
33 creatures vanquished.

Notes
Turn   | Place    | Note
-------+----------+-------------------------------------------
     0 | D:1      | Goblin1989 the Felid Chaos Knight began the quest for the Orb.
     0 | D:1      | Reached XP level 1. HP: 10/10 MP: 2/2
    35 | D:1      | XOM: divination: detect creatures
   193 | D:1      | XOM: divination: magic mapping
   318 | D:1      | XOM: smoke on damage
   389 | D:1      | Reached XP level 2. HP: 14/14 MP: 3/3
   416 | D:1      | Reached skill level 1 in Stealth
   563 | D:1      | XOM: harmless Chrm miscast
  1218 | D:2      | XOM: mild Chrm miscast
  1248 | D:2      | XOM: swap monsters
  1251 | D:2      | XOM: potion effect (brilliance)
  1255 | D:2      | XOM: butterfly on damage
  1256 | D:2      | Reached XP level 3. HP: 2/17 MP: 4/4
  1813 | D:2      | Found an ancient bone altar of Kikubaaqudgha.
  1813 | D:2      | Found an opulent altar of Gozag.
  1863 | D:2      | XOM: harmless Erth miscast
  2065 | D:2      | Slain by a gnoll

Vault maps used:
D:1:      minmay_arrival_loop
D:2:      amethyst_overflow_temple_binary

Skill      XL: |  1  2  3 |
---------------+----------+-----
Stealth        | 1 2 |  2.0
Fighting       | |  3.4
Dodging        | |  3.8
Unarmed Combat | |  3.8

Action                   || total
-------------------------++-------
Melee: Unarmed           ||   102
       Bite              ||     7
       Punch             ||     3
  Use: Scroll            ||     5
       Potion            ||     1
 Stab: Sleeping          ||    10
  Eat: Chunk             ||     9
Armor: Skin              ||     6
Dodge: Dodged            ||   106

Table legend:
 A = Spawn XP
 B = Non-spawn XP
 C = Spawn XP percentage of total XP
 D = Spawn monster count
 E = Non-spawn monster count
 F = Spawn count percentage of total count
 G = Total turns spent on level
                    A         B        C        D         E        F      G
               +---------+---------+-------+---------+---------+-------+---------
         Total |       0 |      88 |   0.0 |       0 |      33 |   0.0 |  2065
               +---------+---------+-------+---------+---------+-------+---------
           D:1 |       0 |      26 |   0.0 |       0 |      17 |   0.0 |  1264
           D:2 |       0 |      62 |   0.0 |       0 |      16 |   0.0 |   801
               +---------+---------+-------+---------+---------+-------+---------

Vault maps used:
D:1:      minmay_arrival_loop
D:2:      amethyst_overflow_temple_binary
